[ AOE2 MATCH · #476565114 ]
UnrankedLithuanians vs Spanish
[ REPLAY ANALYSIS · EXTRACTED FROM THE RECORDED GAME ]
Feudal
13:28
Castle
16:59
Imperial
—
| APM avg | 27.8 |
| APM peak | 154 |
| eAPM avg | 12.5 |
| Villagers / military | 50 / 25 |
Focus
⚔️ 30.4% · 🌾 69.6%
Leitis ×22 · Scorpion ×2 · Battering Ram ×1
Feudal
13:18
Castle
17:17
Imperial
54:56
| APM avg | 37.9 |
| APM peak | 89 |
| eAPM avg | 19.8 |
| Villagers / military | 197 / 116 |
Focus
⚔️ 24.2% · 🌾 75.8%
Knight ×69 · Scout Cavalry ×25 · Conquistador ×17 · Mangonel ×3 · Trebuchet (Packed) ×2
Feudal
15:35
Castle
19:14
Imperial
40:26
| APM avg | 39.4 |
| APM peak | 75 |
| eAPM avg | 26.3 |
| Villagers / military | 176 / 332 |
Focus
⚔️ 39.2% · 🌾 60.8%
Archer ×195 · Skirmisher ×67 · Unknown (1570) ×38 · Monk ×27 · Battering Ram ×17 · Mangonel ×14
Feudal
16:33
Castle
20:20
Imperial
53:18
| APM avg | 32.1 |
| APM peak | 69 |
| eAPM avg | 18.0 |
| Villagers / military | 197 / 234 |
Focus
⚔️ 33.4% · 🌾 66.6%
Cavalry Archer ×161 · Steppe Lancer ×67 · Iron Pagoda ×4 · Trebuchet (Packed) ×2
Feudal
13:37
Castle
17:45
Imperial
46:22
| APM avg | 37.7 |
| APM peak | 74 |
| eAPM avg | 24.6 |
| Villagers / military | 175 / 198 |
Focus
⚔️ 31.6% · 🌾 68.4%
Skirmisher ×152 · Composite Bowman ×25 · Petard ×10 · Battering Ram ×8 · Trebuchet (Packed) ×2 · Archer ×1
Feudal
14:10
Castle
27:50
Imperial
58:34
| APM avg | 29.8 |
| APM peak | 58 |
| eAPM avg | 19.2 |
| Villagers / military | 244 / 23 |
Focus
⚔️ 15.9% · 🌾 84.1%
Monk ×19 · Mangonel ×4
Feudal
13:14
Castle
17:34
Imperial
34:47
| APM avg | 36.7 |
| APM peak | 62 |
| eAPM avg | 19.4 |
| Villagers / military | 192 / 383 |
Focus
⚔️ 33.3% · 🌾 66.7%
Gbeto ×177 · Archer ×69 · Skirmisher ×56 · Scout Cavalry ×50 · Bombard Cannon ×27 · Camel Scout ×2
Feudal
14:32
Castle
18:32
Imperial
35:45
| APM avg | 32.5 |
| APM peak | 66 |
| eAPM avg | 18.1 |
| Villagers / military | 155 / 183 |
Focus
⚔️ 38.2% · 🌾 61.8%
Camel Scout ×136 · Hand Cannoneer ×23 · Cataphract ×12 · Bombard Cannon ×9 · Trebuchet (Packed) ×3
Match map
Initial resources + every placement click. Lines = walls · curves = elevation contours. ◆ gold · ⬟ stone · ● berries · ✦ relic · ◌ wall gap
Your base· Open — unwalled flank
Ovenka's base· Open — unwalled flank
pren's base· Open — unwalled flank
postavič's base· Open — 13t gap
Antymon's base· Open — unwalled flank
TenSpatnej's base· Open — unwalled flank
Noxx's base· Open — unwalled flank
Jannick's base· Open — unwalled flank
Smoothed initial terrain · ◌ = detected wall gap · hover for details
Inputs per minute
— olikuba89 - - Ovenka
Build order — olikuba89
128 actions detected in the replay
| 1:00 | Build | House |
| 1:28 | Build | Town Center |
| 3:26 | Create | Villager (Male) |
| 3:27 | Create | Villager (Male) |
| 3:27 | Create | Villager (Male) |
| 3:27 | Create | Villager (Male) |
| 3:28 | Create | Villager (Male) |
| 3:28 | Create | Villager (Male) |
| 5:45 | Create | Villager (Male) |
| 5:45 | Create | Villager (Male) |
| 6:04 | Create | Villager (Male) |
| 6:26 | Build | House |
| 6:40 | Create | Villager (Male) |
| 6:40 | Create | Villager (Male) |
| 6:45 | Build | House |
| 8:03 | Create | Villager (Male) |
| 8:03 | Create | Villager (Male) |
| 8:04 | Create | Villager (Male) |
| 8:45 | Create | Villager (Male) |
| 9:24 | Build | Mill |
| 9:53 | Create | Villager (Male) |
| 10:22 | Build | Mining Camp |
| 10:42 | Create | Villager (Male) |
| 10:57 | Build | House |
| 11:18 | Research | Feudal Age |
| 11:18 | Research | Feudal Age |
| 11:26 | Build | House |
| 12:36 | Build | Palisade Wall |
| 13:28 | Age | Feudal Age |
| 13:29 | Create | Villager (Male) |
| 13:29 | Create | Villager (Male) |
| 13:35 | Build | Market |
| 13:45 | Build | Blacksmith |
| 13:51 | Research | Loom |
| 14:19 | Research | Castle Age |
| 15:32 | Build | Mining Camp |
| 16:36 | Build | Palisade Gate |
| 16:59 | Age | Castle Age |
| 17:26 | Create | Villager (Male) |
| 17:27 | Create | Villager (Male) |
| 17:27 | Create | Villager (Male) |
| 17:31 | Build | House |
| 17:35 | Build | House |
| 17:56 | Build | Castle |
| 17:58 | Build | Mining Camp |
| 18:24 | Build | Castle |
| 18:28 | Build | Palisade Wall |
| 18:30 | Build | Palisade Wall |
| 18:36 | Build | Palisade Wall |
| 18:42 | Build | Palisade Wall |
| 18:57 | Create | Villager (Male) |
| 18:57 | Create | Villager (Male) |
| 18:58 | Create | Villager (Male) |
| 19:51 | Create | Villager (Male) |
| 19:51 | Create | Villager (Male) |
| 20:01 | Create | Leitis |
| 20:01 | Create | Leitis |
| 20:21 | Create | Leitis |
| 20:37 | Build | Mining Camp |
| 20:46 | Create | Villager (Male) |
| 20:53 | Create | Leitis |
| 21:37 | Create | Leitis |
| 21:43 | Build | Farm |
| 21:43 | Build | Farm |
| 21:44 | Build | Farm |
| 21:44 | Build | Farm |
| 21:44 | Build | Farm |
| 21:45 | Build | Farm |
| 21:45 | Build | Farm |
| 21:45 | Build | Farm |
| 22:16 | Build | Farm |
| 22:47 | Build | Farm |
| 22:48 | Build | Farm |
| 22:48 | Build | Farm |
| 22:50 | Create | Villager (Male) |
| 22:56 | Create | Leitis |
| 23:18 | Create | Villager (Male) |
| 23:47 | Create | Leitis |
| 23:53 | Create | Villager (Male) |
| 23:56 | Build | Farm |
| 23:59 | Build | Farm |
| 24:41 | Create | Villager (Male) |
| 24:45 | Build | Farm |
| 24:45 | Build | Farm |
| 24:56 | Create | Leitis |
| 25:06 | Create | Villager (Male) |
| 25:43 | Create | Leitis |
| 26:03 | Create | Leitis |
| 26:07 | Create | Villager (Male) |
| 26:07 | Create | Villager (Male) |
| 26:23 | Create | Villager (Male) |
| 26:23 | Create | Villager (Male) |
| 26:34 | Build | Town Center |
| 26:52 | Create | Villager (Male) |
| 26:53 | Create | Villager (Male) |
| 26:53 | Create | Villager (Male) |
| 27:11 | Create | Leitis |
| 27:39 | Create | Villager (Male) |
| 27:49 | Create | Leitis |
| 27:49 | Create | Leitis |
| 27:54 | Build | Farm |
| 27:55 | Build | Farm |
| 28:37 | Create | Villager (Male) |
| 28:37 | Create | Villager (Male) |
| 28:37 | Create | Villager (Male) |
| 28:47 | Create | Villager (Male) |
| 29:12 | Create | Villager (Male) |
| 30:20 | Create | Leitis |
| 30:42 | Create | Villager (Male) |
| 30:43 | Create | Villager (Male) |
| 30:43 | Create | Villager (Male) |
| 31:08 | Create | Leitis |
| 31:08 | Create | Leitis |
| 31:22 | Create | Villager (Male) |
| 31:33 | Create | Leitis |
| 31:33 | Create | Leitis |
| 32:35 | Create | Leitis |
| 32:36 | Create | Leitis |
| 32:47 | Build | Siege Workshop |
| 33:35 | Build | Mining Camp |
| 33:46 | Create | Leitis |
| 33:47 | Create | Leitis |
| 35:56 | Build | House |
| 36:07 | Build | Palisade Wall |
| 36:10 | Build | Palisade Wall |
| 36:42 | Create | Battering Ram |
| 36:45 | Create | Scorpion |
| 36:46 | Create | Scorpion |
Build order — Ovenka
First 150 of 529 actions detected
| 0:11 | Build | Town Center |
| 2:18 | Build | House |
| 2:23 | Create | Villager (Male) |
| 2:23 | Create | Villager (Male) |
| 2:23 | Create | Villager (Male) |
| 2:50 | Create | Villager (Male) |
| 2:50 | Create | Villager (Male) |
| 3:56 | Create | Villager (Male) |
| 3:56 | Create | Villager (Male) |
| 4:27 | Research | Loom |
| 4:41 | Create | Villager (Male) |
| 4:41 | Create | Villager (Male) |
| 4:41 | Create | Villager (Male) |
| 5:10 | Create | Villager (Male) |
| 5:12 | Build | House |
| 5:27 | Build | House |
| 5:37 | Create | Villager (Male) |
| 5:37 | Create | Villager (Male) |
| 5:37 | Create | Villager (Male) |
| 5:58 | Create | Villager (Male) |
| 6:22 | Create | Villager (Male) |
| 6:41 | Create | Villager (Male) |
| 6:45 | Build | Mill |
| 7:14 | Create | Villager (Male) |
| 7:45 | Create | Villager (Male) |
| 8:10 | Create | Villager (Male) |
| 8:44 | Create | Villager (Male) |
| 8:52 | Build | Mill |
| 9:08 | Build | House |
| 9:12 | Create | Villager (Male) |
| 9:38 | Create | Villager (Male) |
| 10:10 | Create | Villager (Male) |
| 10:26 | Build | Mining Camp |
| 10:35 | Create | Villager (Male) |
| 10:54 | Research | Feudal Age |
| 10:54 | Research | Feudal Age |
| 11:19 | Build | Mining Camp |
| 11:49 | Create | Villager (Male) |
| 11:49 | Create | Villager (Male) |
| 13:18 | Age | Feudal Age |
| 13:24 | Build | Market |
| 13:49 | Build | Blacksmith |
| 14:37 | Research | Castle Age |
| 14:37 | Research | Castle Age |
| 14:50 | Build | Farm |
| 14:51 | Build | Farm |
| 14:51 | Build | Farm |
| 14:52 | Build | Farm |
| 14:52 | Build | Farm |
| 14:56 | Build | Farm |
| 15:27 | Build | Lumber Camp |
| 15:31 | Build | Farm |
| 15:48 | Build | Farm |
| 16:02 | Research | Double-Bit Axe |
| 16:19 | Build | Farm |
| 16:20 | Create | Villager (Male) |
| 16:30 | Build | House |
| 16:43 | Build | Outpost |
| 16:48 | Build | Farm |
| 17:01 | Build | House |
| 17:17 | Age | Castle Age |
| 17:38 | Build | Castle |
| 17:41 | Create | Villager (Male) |
| 17:52 | Build | Castle |
| 18:00 | Build | Castle |
| 18:20 | Build | Castle |
| 18:40 | Create | Villager (Male) |
| 19:09 | Create | Conquistador |
| 19:10 | Create | Villager (Male) |
| 19:24 | Build | Farm |
| 19:24 | Build | Farm |
| 19:34 | Create | Villager (Male) |
| 19:36 | Create | Conquistador |
| 19:53 | Build | Farm |
| 19:57 | Create | Villager (Male) |
| 20:20 | Build | Farm |
| 20:32 | Create | Villager (Male) |
| 21:16 | Build | Town Center |
| 21:19 | Create | Villager (Male) |
| 21:41 | Create | Villager (Male) |
| 21:42 | Create | Conquistador |
| 21:56 | Build | Farm |
| 22:34 | Create | Villager (Male) |
| 22:44 | Create | Conquistador |
| 22:57 | Build | Farm |
| 22:58 | Build | Farm |
| 22:59 | Build | Farm |
| 23:00 | Build | Farm |
| 23:37 | Create | Villager (Male) |
| 23:54 | Create | Conquistador |
| 24:26 | Create | Villager (Male) |
| 24:29 | Create | Conquistador |
| 24:37 | Build | Siege Workshop |
| 24:58 | Create | Villager (Male) |
| 25:14 | Create | Villager (Male) |
| 25:19 | Create | Mangonel |
| 25:32 | Build | Farm |
| 25:32 | Build | Farm |
| 25:32 | Build | Farm |
| 25:32 | Build | Farm |
| 25:33 | Build | Farm |
| 25:33 | Build | Farm |
| 25:52 | Research | Fletching |
| 25:52 | Create | Villager (Male) |
| 25:53 | Create | Villager (Male) |
| 26:12 | Create | Villager (Male) |
| 26:49 | Create | Villager (Male) |
| 26:51 | Create | Conquistador |
| 26:54 | Create | Mangonel |
| 27:12 | Create | Conquistador |
| 27:12 | Create | Conquistador |
| 27:17 | Create | Villager (Male) |
| 27:52 | Create | Villager (Male) |
| 28:06 | Create | Conquistador |
| 28:14 | Create | Villager (Male) |
| 28:28 | Build | Farm |
| 28:35 | Create | Conquistador |
| 28:39 | Create | Villager (Male) |
| 28:55 | Build | Farm |
| 28:57 | Create | Villager (Male) |
| 29:01 | Build | Farm |
| 29:02 | Build | Farm |
| 29:16 | Create | Villager (Male) |
| 29:26 | Create | Villager (Male) |
| 29:38 | Create | Conquistador |
| 29:43 | Create | Villager (Male) |
| 29:57 | Create | Mangonel |
| 29:59 | Create | Villager (Male) |
| 30:08 | Create | Villager (Male) |
| 30:29 | Create | Villager (Male) |
| 30:29 | Create | Villager (Male) |
| 30:56 | Create | Villager (Male) |
| 31:00 | Create | Conquistador |
| 31:07 | Create | Villager (Male) |
| 31:14 | Build | House |
| 31:14 | Build | House |
| 31:15 | Build | House |
| 31:15 | Build | House |
| 31:15 | Build | House |
| 31:37 | Build | House |
| 31:38 | Build | House |
| 31:51 | Create | Villager (Male) |
| 31:54 | Create | Conquistador |
| 31:54 | Create | Conquistador |
| 32:18 | Create | Villager (Male) |
| 33:03 | Create | Villager (Male) |
| 33:31 | Build | Castle |
| 33:49 | Create | Villager (Male) |
| 33:49 | Create | Villager (Male) |
| 33:54 | Build | House |
Build order — pren
First 150 of 622 actions detected
| 0:23 | Build | Town Center |
| 1:53 | Build | Settlement |
| 2:35 | Create | Villager (Male) ×4 |
| 3:42 | Build | House |
| 3:59 | Build | House |
| 4:09 | Create | Villager (Male) |
| 4:40 | Create | Villager (Male) |
| 4:54 | Build | House |
| 4:59 | Create | Villager (Male) |
| 5:23 | Create | Villager (Male) |
| 5:42 | Create | Villager (Male) |
| 6:12 | Build | House |
| 6:16 | Create | Villager (Male) |
| 6:17 | Create | Villager (Male) |
| 6:18 | Create | Villager (Male) |
| 6:50 | Create | Villager (Male) |
| 7:23 | Create | Villager (Male) |
| 7:31 | Create | Villager (Male) |
| 7:36 | Create | Villager (Male) |
| 7:37 | Create | Villager (Male) |
| 7:54 | Build | Settlement |
| 8:10 | Create | Villager (Male) |
| 8:20 | Build | House |
| 8:35 | Build | Farm |
| 8:38 | Build | Farm |
| 8:54 | Build | Farm |
| 8:59 | Build | Farm |
| 9:16 | Create | Villager (Male) |
| 9:41 | Build | Farm |
| 9:44 | Build | Farm |
| 10:06 | Create | Villager (Male) |
| 10:29 | Build | Farm |
| 10:30 | Build | Farm |
| 10:40 | Create | Villager (Male) |
| 10:50 | Build | Settlement |
| 11:05 | Create | Villager (Male) |
| 11:24 | Create | Villager (Male) |
| 11:41 | Build | House |
| 11:51 | Create | Villager (Male) |
| 11:51 | Create | Villager (Male) |
| 11:51 | Create | Villager (Male) |
| 11:56 | Build | House |
| 12:03 | Create | Villager (Male) |
| 12:06 | Build | House |
| 12:20 | Build | House |
| 12:32 | Build | House |
| 13:07 | Build | Settlement |
| 13:25 | Research | Feudal Age |
| 13:28 | Research | Loom |
| 14:05 | Build | Barracks |
| 15:06 | Build | Settlement |
| 15:29 | Build | Farm |
| 15:35 | Age | Feudal Age |
| 15:37 | Build | Farm |
| 15:37 | Create | Villager (Male) |
| 15:38 | Create | Villager (Male) |
| 15:46 | Build | Market |
| 15:49 | Build | Archery Range |
| 15:58 | Build | Blacksmith |
| 16:15 | Create | Unit 2550 |
| 16:34 | Research | Castle Age |
| 16:38 | Build | Farm |
| 16:40 | Build | Farm |
| 16:40 | Create | Archer |
| 16:41 | Create | Archer |
| 16:57 | Create | Unit 2550 |
| 17:07 | Research | Double-Bit Axe |
| 17:18 | Research | Horse Collar |
| 17:38 | Create | Unit 2550 |
| 17:43 | Create | Spearman |
| 17:44 | Create | Unit 2550 |
| 18:07 | Create | Villager (Male) |
| 18:07 | Create | Villager (Male) |
| 18:25 | Create | Unit 2550 |
| 18:34 | Create | Archer |
| 18:39 | Build | Watch Tower |
| 18:47 | Create | Unit 2550 |
| 19:14 | Age | Castle Age |
| 19:24 | Build | Monastery |
| 19:26 | Create | Villager (Male) |
| 19:30 | Build | Town Center |
| 20:07 | Create | Villager (Male) |
| 20:07 | Create | Villager (Male) |
| 20:12 | Research | Bow Saw |
| 20:20 | Create | Monk |
| 20:38 | Create | Villager (Male) |
| 20:49 | Build | Monastery |
| 20:53 | Create | Villager (Male) |
| 20:53 | Create | Villager (Male) |
| 21:04 | Build | Farm |
| 21:28 | Create | Villager (Male) |
| 21:40 | Create | Monk |
| 21:45 | Create | Villager (Male) |
| 21:52 | Build | Farm |
| 21:53 | Build | Farm |
| 21:57 | Build | Farm |
| 22:19 | Build | House |
| 22:19 | Create | Villager (Male) |
| 22:24 | Build | Town Center |
| 22:25 | Create | Villager (Male) |
| 22:43 | Create | Villager (Male) |
| 22:44 | Create | Villager (Male) |
| 22:57 | Create | Monk |
| 23:01 | Build | Farm |
| 23:07 | Create | Villager (Male) |
| 23:10 | Create | Villager (Male) |
| 23:20 | Build | Farm |
| 23:20 | Build | Farm |
| 23:20 | Build | Farm |
| 23:20 | Build | Farm |
| 23:21 | Build | Farm |
| 23:27 | Create | Villager (Male) |
| 23:44 | Create | Villager (Male) |
| 23:47 | Build | House |
| 23:47 | Build | House |
| 23:52 | Build | Farm |
| 23:53 | Build | Farm |
| 23:53 | Build | Farm |
| 24:06 | Create | Villager (Male) |
| 24:15 | Create | Villager (Male) |
| 24:18 | Build | Farm |
| 24:20 | Build | Farm |
| 24:23 | Create | Villager (Male) |
| 24:37 | Create | Villager (Male) |
| 24:42 | Create | Monk |
| 24:48 | Create | Villager (Male) |
| 24:52 | Build | Farm |
| 24:57 | Build | Siege Workshop |
| 25:01 | Create | Monk |
| 25:02 | Create | Villager (Male) |
| 25:06 | Create | Villager (Male) |
| 25:23 | Create | Villager (Male) |
| 25:23 | Create | Villager (Male) |
| 25:34 | Create | Villager (Male) |
| 25:40 | Build | Settlement |
| 25:40 | Build | Farm |
| 25:40 | Build | Farm |
| 25:40 | Build | Farm |
| 25:41 | Build | Farm |
| 25:41 | Build | Farm |
| 25:41 | Build | Farm |
| 25:41 | Build | Farm |
| 25:45 | Create | Villager (Male) |
| 25:45 | Create | Villager (Male) |
| 25:49 | Create | Monk |
| 26:03 | Create | Villager (Male) |
| 26:04 | Create | Villager (Male) |
| 26:08 | Create | Villager (Male) |
| 26:14 | Build | House |
| 26:15 | Build | House |
Build order — postavič
First 150 of 422 actions detected
| 0:14 | Build | Town Center |
| 0:29 | Build | House |
| 1:55 | Build | House |
| 2:10 | Build | House |
| 2:22 | Build | House |
| 2:46 | Create | Villager (Male) |
| 2:47 | Create | Villager (Male) |
| 2:47 | Create | Villager (Male) |
| 2:47 | Create | Villager (Male) |
| 4:19 | Create | Villager (Male) |
| 4:41 | Create | Villager (Male) |
| 4:41 | Create | Villager (Male) |
| 5:02 | Build | House |
| 5:06 | Create | Villager (Male) |
| 5:07 | Create | Villager (Male) |
| 5:40 | Create | Villager (Male) |
| 5:41 | Create | Villager (Male) |
| 5:41 | Create | Villager (Male) |
| 6:31 | Create | Villager (Male) |
| 6:32 | Create | Villager (Male) |
| 6:56 | Create | Villager (Male) |
| 6:56 | Create | Villager (Male) |
| 7:17 | Create | Villager (Male) |
| 7:17 | Create | Villager (Male) |
| 7:20 | Build | House |
| 7:45 | Create | Villager (Male) |
| 8:00 | Research | Loom |
| 8:20 | Build | House |
| 8:38 | Create | Villager (Male) |
| 8:49 | Create | Villager (Male) |
| 9:10 | Create | Villager (Male) |
| 9:14 | Build | Mill |
| 9:55 | Create | Villager (Male) |
| 10:06 | Create | Villager (Male) |
| 10:21 | Build | Mill |
| 10:29 | Create | Villager (Male) |
| 10:50 | Build | House |
| 11:27 | Build | Palisade Wall |
| 11:31 | Build | Palisade Wall |
| 11:32 | Create | Villager (Male) |
| 11:53 | Build | Palisade Wall |
| 11:56 | Create | Villager (Male) |
| 12:23 | Create | Villager (Male) |
| 12:27 | Create | Villager (Male) |
| 12:39 | Build | House |
| 12:41 | Build | House |
| 12:50 | Build | Pasture |
| 13:00 | Build | Pasture |
| 13:24 | Create | Villager (Male) |
| 13:42 | Build | Mining Camp |
| 13:55 | Create | Villager (Male) |
| 14:11 | Build | House |
| 14:12 | Build | House |
| 14:14 | Build | House |
| 14:21 | Build | House |
| 14:23 | Research | Feudal Age |
| 14:51 | Build | House |
| 15:00 | Build | House |
| 15:07 | Build | House |
| 15:13 | Build | House |
| 16:04 | Create | Villager (Male) |
| 16:33 | Age | Feudal Age |
| 16:37 | Build | Market |
| 16:46 | Build | Blacksmith |
| 17:00 | Create | Villager (Male) |
| 17:04 | Build | Lumber Camp |
| 17:18 | Build | House |
| 17:19 | Build | House |
| 17:40 | Research | Castle Age |
| 17:40 | Research | Castle Age |
| 17:57 | Build | Pasture |
| 18:03 | Build | Pasture |
| 18:24 | Build | Pasture |
| 18:31 | Research | Double-Bit Axe |
| 18:59 | Build | House |
| 19:09 | Build | House |
| 19:18 | Build | Barracks |
| 19:27 | Research | Gold Mining |
| 20:05 | Build | Stable |
| 20:07 | Create | Villager (Male) |
| 20:07 | Create | Villager (Male) |
| 20:14 | Build | House |
| 20:16 | Build | House |
| 20:19 | Build | House |
| 20:20 | Age | Castle Age |
| 20:46 | Build | Stable |
| 20:59 | Create | Steppe Lancer |
| 20:59 | Create | Steppe Lancer |
| 20:59 | Create | Steppe Lancer |
| 21:23 | Create | Villager (Male) |
| 21:29 | Build | Mining Camp |
| 21:38 | Build | Pasture |
| 21:40 | Create | Villager (Male) |
| 22:14 | Create | Steppe Lancer |
| 22:41 | Create | Villager (Male) |
| 22:41 | Create | Villager (Male) |
| 22:54 | Build | Pasture |
| 22:54 | Build | Pasture |
| 22:55 | Build | Pasture |
| 22:55 | Build | Pasture |
| 22:55 | Build | Pasture |
| 22:56 | Build | Pasture |
| 23:04 | Create | Villager (Male) |
| 23:12 | Create | Villager (Male) |
| 23:24 | Create | Steppe Lancer |
| 23:24 | Create | Steppe Lancer |
| 23:39 | Create | Villager (Male) |
| 23:39 | Create | Villager (Male) |
| 24:00 | Build | Pasture |
| 24:12 | Create | Steppe Lancer ×2 |
| 24:12 | Create | Steppe Lancer ×2 |
| 24:24 | Create | Villager (Male) |
| 24:24 | Create | Villager (Male) |
| 24:29 | Build | House |
| 24:54 | Create | Steppe Lancer ×2 |
| 24:54 | Create | Steppe Lancer ×3 |
| 24:55 | Create | Steppe Lancer |
| 24:55 | Create | Steppe Lancer |
| 25:00 | Build | Pasture |
| 25:14 | Create | Villager (Male) |
| 25:14 | Create | Villager (Male) |
| 25:14 | Create | Villager (Male) |
| 25:23 | Build | Town Center |
| 25:48 | Create | Villager (Male) |
| 25:50 | Build | Lumber Camp |
| 25:55 | Create | Villager (Male) |
| 26:14 | Build | Pasture |
| 26:20 | Create | Villager (Male) |
| 26:22 | Create | Steppe Lancer ×3 |
| 26:37 | Research | Husbandry |
| 26:44 | Create | Villager (Male) |
| 26:45 | Create | Villager (Male) |
| 27:02 | Create | Steppe Lancer |
| 27:02 | Create | Steppe Lancer |
| 27:04 | Create | Villager (Male) |
| 27:05 | Create | Villager (Male) |
| 27:22 | Create | Steppe Lancer |
| 27:22 | Create | Steppe Lancer |
| 27:23 | Create | Steppe Lancer |
| 27:54 | Build | Pasture |
| 27:54 | Build | Pasture |
| 27:54 | Build | Pasture |
| 27:57 | Build | Pasture |
| 27:58 | Build | Pasture |
| 27:58 | Build | Pasture |
| 27:59 | Build | Pasture |
| 28:02 | Create | Villager (Male) |
| 28:02 | Create | Villager (Male) |
| 28:02 | Create | Villager (Male) |
| 28:11 | Create | Villager (Male) |
Build order — Antymon
First 150 of 509 actions detected
| 0:15 | Build | Town Center |
| 0:50 | Build | House |
| 1:45 | Build | House |
| 2:22 | Create | Villager (Male) |
| 2:22 | Create | Villager (Male) |
| 2:23 | Create | Villager (Male) |
| 2:35 | Create | Villager (Male) |
| 3:42 | Create | Villager (Male) |
| 4:22 | Create | Villager (Male) |
| 4:22 | Create | Villager (Male) |
| 4:40 | Create | Villager (Male) |
| 4:47 | Research | Loom |
| 4:54 | Create | Villager (Male) |
| 4:59 | Create | Villager (Male) |
| 4:59 | Create | Villager (Male) |
| 5:24 | Create | Villager (Male) |
| 6:18 | Create | Villager (Male) |
| 6:28 | Create | Villager (Male) |
| 6:28 | Create | Villager (Male) |
| 6:44 | Build | House |
| 6:59 | Create | Villager (Male) |
| 7:17 | Create | Villager (Male) |
| 7:30 | Create | Villager (Male) |
| 7:31 | Create | Villager (Male) |
| 7:33 | Build | Mill |
| 7:41 | Build | Mill |
| 7:47 | Create | Villager (Male) |
| 8:21 | Build | House |
| 8:59 | Create | Villager (Male) |
| 9:26 | Build | Mule Cart |
| 9:33 | Create | Villager (Male) |
| 9:33 | Create | Villager (Male) |
| 9:53 | Create | Villager (Male) |
| 9:56 | Build | House |
| 10:14 | Build | Mule Cart |
| 10:17 | Research | Feudal Age |
| 10:36 | Build | Farm |
| 10:45 | Build | House |
| 10:59 | Create | Villager (Male) |
| 11:07 | Build | Farm |
| 11:27 | Create | Villager (Male) |
| 12:18 | Build | Farm |
| 12:32 | Create | Villager (Male) |
| 13:37 | Age | Feudal Age |
| 13:40 | Build | Market |
| 13:41 | Build | Blacksmith |
| 13:46 | Build | Farm |
| 14:16 | Build | Farm |
| 14:20 | Create | Villager (Male) |
| 14:28 | Build | Farm |
| 15:05 | Research | Castle Age |
| 15:16 | Build | Palisade Wall |
| 16:18 | Build | House |
| 16:24 | Build | Outpost |
| 16:54 | Research | Double-Bit Axe |
| 17:10 | Build | Palisade Wall |
| 17:23 | Build | Outpost |
| 17:30 | Create | Villager (Male) |
| 17:45 | Age | Castle Age |
| 18:03 | Build | Castle |
| 18:07 | Build | Palisade Gate |
| 18:29 | Build | Castle |
| 18:37 | Research | Fletching |
| 18:58 | Build | Farm |
| 18:59 | Create | Villager (Male) |
| 19:33 | Create | Composite Bowman |
| 19:45 | Create | Villager (Male) |
| 19:47 | Create | Composite Bowman |
| 20:03 | Create | Composite Bowman |
| 20:19 | Create | Composite Bowman |
| 20:25 | Create | Villager (Male) |
| 20:26 | Create | Villager (Male) |
| 21:07 | Create | Composite Bowman |
| 21:14 | Create | Villager (Male) |
| 21:22 | Create | Villager (Male) |
| 21:34 | Build | Farm |
| 21:35 | Build | Farm |
| 21:41 | Build | Siege Workshop |
| 21:44 | Create | Villager (Male) |
| 22:06 | Build | Farm |
| 22:18 | Build | Farm |
| 22:26 | Create | Villager (Male) |
| 22:48 | Build | Farm |
| 22:59 | Create | Villager (Male) |
| 23:08 | Research | Bodkin Arrow |
| 23:18 | Build | Farm |
| 23:22 | Build | Outpost |
| 23:35 | Create | Battering Ram |
| 23:36 | Create | Battering Ram |
| 23:44 | Create | Villager (Male) |
| 23:47 | Create | Composite Bowman |
| 23:55 | Build | Farm |
| 23:57 | Build | Farm |
| 24:13 | Create | Villager (Male) |
| 24:26 | Create | Villager (Male) |
| 24:32 | Create | Composite Bowman |
| 24:32 | Create | Composite Bowman |
| 24:58 | Create | Villager (Male) |
| 24:59 | Create | Villager (Male) |
| 25:00 | Create | Composite Bowman |
| 25:03 | Create | Battering Ram |
| 25:12 | Create | Villager (Male) |
| 25:22 | Create | Battering Ram |
| 25:58 | Create | Composite Bowman |
| 26:02 | Create | Villager (Male) |
| 26:08 | Create | Battering Ram |
| 26:26 | Build | Farm |
| 26:27 | Build | Farm |
| 26:46 | Create | Battering Ram |
| 27:04 | Create | Composite Bowman |
| 28:00 | Create | Villager (Male) |
| 28:03 | Create | Petard |
| 28:03 | Create | Petard |
| 28:03 | Create | Petard |
| 28:04 | Create | Petard |
| 28:13 | Create | Villager (Male) |
| 28:22 | Build | Mule Cart |
| 28:29 | Create | Battering Ram |
| 28:55 | Build | Town Center |
| 29:11 | Create | Villager (Male) |
| 29:17 | Create | Petard |
| 29:27 | Create | Petard |
| 29:29 | Create | Petard |
| 30:06 | Create | Villager (Male) |
| 30:33 | Create | Petard |
| 31:07 | Create | Petard |
| 31:08 | Create | Villager (Male) |
| 31:13 | Create | Villager (Male) |
| 31:18 | Build | Town Center |
| 31:23 | Create | Petard |
| 31:41 | Create | Villager (Male) |
| 31:41 | Create | Villager (Male) |
| 32:40 | Create | Villager (Male) |
| 32:46 | Build | Farm |
| 32:47 | Build | Farm |
| 32:47 | Build | Farm |
| 32:48 | Build | Farm |
| 32:49 | Build | Farm |
| 32:53 | Build | Farm |
| 32:55 | Build | Farm |
| 32:56 | Create | Villager (Male) |
| 33:04 | Create | Composite Bowman |
| 33:04 | Create | Composite Bowman |
| 33:04 | Create | Composite Bowman |
| 33:15 | Create | Villager (Male) |
| 33:30 | Create | Villager (Male) |
| 33:51 | Create | Villager (Male) |
| 34:08 | Build | Farm |
| 34:09 | Build | Farm |
| 34:09 | Build | Farm |
Build order — TenSpatnej
First 150 of 322 actions detected
| 1:13 | Build | Town Center |
| 3:05 | Create | Villager (Male) ×4 |
| 3:18 | Research | Loom |
| 3:20 | Create | Villager (Male) ×3 |
| 4:27 | Build | House |
| 4:56 | Create | Villager (Male) ×2 |
| 5:26 | Create | Villager (Male) |
| 5:37 | Build | House |
| 5:39 | Build | House |
| 5:40 | Build | House |
| 6:07 | Create | Villager (Male) ×2 |
| 6:49 | Create | Villager (Male) |
| 7:40 | Create | Villager (Male) ×3 |
| 8:18 | Create | Villager (Male) |
| 9:26 | Create | Villager (Male) |
| 9:36 | Build | Lumber Camp |
| 9:50 | Create | Villager (Male) ×4 |
| 10:12 | Create | Villager (Male) |
| 11:35 | Build | Mill |
| 11:54 | Build | House |
| 11:55 | Build | House |
| 12:00 | Research | Feudal Age |
| 12:13 | Build | Mining Camp |
| 12:35 | Build | Farm |
| 12:40 | Build | Farm |
| 12:43 | Build | Farm |
| 12:48 | Build | Farm |
| 13:12 | Build | Farm |
| 13:20 | Build | Farm |
| 13:24 | Create | Villager (Male) |
| 14:02 | Create | Villager (Male) |
| 14:10 | Age | Feudal Age |
| 14:22 | Create | Villager (Male) |
| 14:38 | Build | Watch Tower |
| 14:40 | Create | Villager (Male) |
| 14:41 | Create | Villager (Male) |
| 14:43 | Build | Farm |
| 14:52 | Build | Watch Tower |
| 15:04 | Create | Villager (Male) |
| 15:39 | Build | Blacksmith |
| 15:40 | Create | Villager (Male) ×2 |
| 15:43 | Build | Farm |
| 16:12 | Create | Villager (Male) |
| 16:15 | Build | Farm |
| 16:34 | Research | Fletching |
| 16:35 | Create | Villager (Male) |
| 16:37 | Build | Farm |
| 16:46 | Create | Villager (Male) |
| 17:11 | Build | Watch Tower |
| 17:14 | Create | Villager (Male) ×2 |
| 17:17 | Build | Farm |
| 17:35 | Create | Villager (Male) |
| 17:39 | Create | Villager (Male) |
| 18:19 | Build | Watch Tower |
| 18:23 | Build | Farm |
| 18:26 | Research | Double-Bit Axe |
| 18:27 | Research | Double-Bit Axe |
| 18:28 | Create | Villager (Male) |
| 18:57 | Create | Villager (Male) ×2 |
| 19:12 | Create | Villager (Male) |
| 19:17 | Build | Farm |
| 19:18 | Build | Farm |
| 19:20 | Build | Farm |
| 19:25 | Build | Farm |
| 19:27 | Create | Villager (Male) ×2 |
| 19:31 | Build | House |
| 20:10 | Research | Horse Collar |
| 20:23 | Build | Watch Tower |
| 20:29 | Build | House |
| 20:31 | Build | House |
| 20:33 | Build | House |
| 20:37 | Build | House |
| 20:43 | Create | Villager (Male) ×5 |
| 21:38 | Build | Farm |
| 21:46 | Build | Mining Camp |
| 22:35 | Build | Stone Wall |
| 22:39 | Build | Stone Wall |
| 22:44 | Build | Stone Wall |
| 23:19 | Build | Market |
| 23:46 | Create | Villager (Male) |
| 24:06 | Build | Gate |
| 24:09 | Create | Villager (Male) |
| 24:13 | Create | Villager (Male) |
| 24:35 | Research | Castle Age |
| 24:35 | Research | Castle Age |
| 25:04 | Build | Gate |
| 25:10 | Research | Castle Age |
| 25:43 | Build | Farm |
| 25:49 | Create | Villager (Male) ×5 |
| 25:51 | Build | Farm |
| 26:06 | Build | Gate |
| 26:17 | Build | Farm |
| 26:22 | Build | Stone Wall |
| 26:33 | Build | Gate |
| 27:19 | Build | House |
| 27:27 | Build | Stone Wall |
| 27:42 | Build | Gate |
| 27:50 | Age | Castle Age |
| 28:02 | Create | Villager (Male) ×5 |
| 28:20 | Build | Stone Wall |
| 28:29 | Build | Siege Workshop |
| 28:34 | Build | Monastery |
| 28:35 | Build | Monastery |
| 29:04 | Research | Gold Mining |
| 29:38 | Build | Gate |
| 29:54 | Create | Monk |
| 29:54 | Create | Monk |
| 29:55 | Create | Monk |
| 30:04 | Build | Stone Wall |
| 30:10 | Create | Villager (Male) ×2 |
| 30:15 | Create | Mangonel |
| 30:15 | Create | Mangonel |
| 30:31 | Create | Monk |
| 30:31 | Create | Monk |
| 30:49 | Create | Monk |
| 30:51 | Create | Villager (Male) |
| 31:19 | Research | Bodkin Arrow |
| 31:20 | Create | Villager (Male) ×3 |
| 32:28 | Research | Redemption |
| 32:28 | Research | Redemption |
| 32:53 | Create | Villager (Male) ×5 |
| 32:53 | Create | Villager (Male) ×5 |
| 32:54 | Create | Villager (Male) ×2 |
| 33:12 | Create | Mangonel |
| 33:29 | Research | Sanctity |
| 33:44 | Create | Villager (Male) ×4 |
| 33:58 | Create | Monk ×2 |
| 34:32 | Create | Monk |
| 35:49 | Create | Villager (Male) ×4 |
| 36:16 | Build | Stone Wall |
| 37:32 | Research | Town Watch |
| 37:43 | Create | Villager (Male) ×2 |
| 37:57 | Build | Mining Camp |
| 38:05 | Build | Mining Camp |
| 38:19 | Create | Monk |
| 38:19 | Create | Monk |
| 38:20 | Create | Monk |
| 39:00 | Create | Mangonel |
| 39:05 | Create | Villager (Male) |
| 39:44 | Create | Monk |
| 39:46 | Create | Villager (Male) |
| 40:12 | Create | Monk |
| 40:19 | Build | Farm |
| 40:45 | Create | Monk |
| 40:51 | Build | House |
| 40:51 | Build | House |
| 40:51 | Build | House |
| 40:52 | Build | House |
| 40:52 | Build | House |
| 40:52 | Build | House |
Build order — Noxx
First 150 of 505 actions detected
| 0:37 | Build | Town Center |
| 2:20 | Build | House |
| 3:09 | Create | Villager (Male) |
| 3:12 | Create | Villager (Male) |
| 3:54 | Create | Villager (Male) |
| 4:03 | Create | Villager (Male) |
| 4:49 | Create | Villager (Male) |
| 4:55 | Build | House |
| 4:56 | Build | House |
| 5:13 | Create | Villager (Male) |
| 5:38 | Create | Villager (Male) |
| 5:49 | Build | Lumber Camp |
| 6:02 | Create | Villager (Male) |
| 6:24 | Create | Villager (Male) |
| 6:47 | Create | Villager (Male) |
| 7:13 | Build | Mill |
| 7:18 | Create | Villager (Male) |
| 7:42 | Create | Villager (Male) |
| 8:01 | Create | Villager (Male) |
| 8:14 | Create | Villager (Male) |
| 8:53 | Create | Villager (Male) |
| 9:23 | Create | Villager (Male) |
| 9:34 | Build | House |
| 9:36 | Build | House |
| 9:39 | Build | Palisade Wall |
| 9:43 | Create | Villager (Male) |
| 10:12 | Create | Villager (Male) |
| 10:39 | Create | Villager (Male) |
| 10:48 | Build | Palisade Wall |
| 11:00 | Research | Feudal Age |
| 11:19 | Build | Mining Camp |
| 11:41 | Build | Mill |
| 12:32 | Create | Villager (Male) |
| 12:32 | Create | Villager (Male) |
| 13:14 | Age | Feudal Age |
| 13:21 | Build | Market |
| 13:40 | Build | Blacksmith |
| 14:03 | Create | Villager (Male) |
| 14:25 | Create | Villager (Male) |
| 14:42 | Research | Castle Age |
| 16:06 | Research | Loom |
| 16:27 | Research | Double-Bit Axe |
| 16:30 | Research | Horse Collar |
| 17:24 | Create | Villager (Male) |
| 17:24 | Create | Villager (Male) |
| 17:34 | Age | Castle Age |
| 17:41 | Build | Town Center |
| 17:49 | Build | Town Center |
| 17:56 | Research | Bow Saw |
| 18:14 | Build | House |
| 18:16 | Build | House |
| 18:17 | Build | House |
| 18:47 | Build | Farm |
| 18:47 | Create | Villager (Male) |
| 18:52 | Build | Farm |
| 18:56 | Build | Farm |
| 18:57 | Create | Villager (Male) |
| 19:05 | Create | Villager (Male) |
| 19:06 | Create | Villager (Male) |
| 19:10 | Build | Farm |
| 19:13 | Build | House |
| 19:15 | Build | House |
| 19:16 | Build | House |
| 19:22 | Create | Villager (Male) |
| 19:22 | Create | Villager (Male) |
| 19:22 | Create | Villager (Male) |
| 19:32 | Create | Villager (Male) |
| 19:38 | Build | Farm |
| 19:39 | Build | Farm |
| 19:40 | Create | Villager (Male) |
| 19:48 | Create | Villager (Male) |
| 19:50 | Build | Farm |
| 19:52 | Build | Farm |
| 19:58 | Build | Farm |
| 20:19 | Create | Villager (Male) |
| 20:24 | Create | Villager (Male) |
| 20:30 | Build | Farm |
| 20:31 | Create | Villager (Male) |
| 20:37 | Build | House |
| 20:38 | Build | House |
| 20:47 | Build | Outpost |
| 20:49 | Build | Outpost |
| 20:51 | Build | Outpost |
| 20:53 | Build | Outpost |
| 20:58 | Build | Outpost |
| 20:59 | Create | Villager (Male) |
| 20:59 | Create | Villager (Male) |
| 21:01 | Create | Villager (Male) |
| 21:04 | Build | Farm |
| 21:07 | Build | Farm |
| 21:12 | Build | Farm |
| 21:18 | Create | Villager (Male) |
| 21:25 | Build | Farm |
| 21:29 | Build | Farm |
| 21:30 | Build | Farm |
| 21:34 | Create | Villager (Male) |
| 21:35 | Create | Villager (Male) |
| 21:38 | Create | Villager (Male) |
| 21:40 | Create | Villager (Male) |
| 21:46 | Build | Outpost |
| 21:47 | Build | Outpost |
| 21:50 | Create | Villager (Male) |
| 21:54 | Build | Farm |
| 21:56 | Build | Farm |
| 21:56 | Create | Villager (Male) |
| 22:23 | Create | Villager (Male) |
| 22:24 | Create | Villager (Male) |
| 22:25 | Create | Villager (Male) |
| 22:37 | Build | Town Center |
| 22:38 | Create | Villager (Male) |
| 22:49 | Create | Villager (Male) |
| 22:50 | Create | Villager (Male) |
| 22:50 | Create | Villager (Male) |
| 23:01 | Create | Villager (Male) |
| 23:04 | Research | Wheelbarrow |
| 23:10 | Build | Farm |
| 23:10 | Create | Villager (Male) |
| 23:23 | Build | Town Center |
| 23:27 | Create | Villager (Male) |
| 23:33 | Create | Villager (Male) |
| 23:44 | Build | Outpost |
| 23:45 | Create | Villager (Male) |
| 23:53 | Build | Farm |
| 23:53 | Build | Farm |
| 23:53 | Build | Farm |
| 23:54 | Build | Farm |
| 23:54 | Build | Farm |
| 23:54 | Build | Farm |
| 23:56 | Create | Villager (Male) |
| 23:59 | Create | Villager (Male) |
| 24:10 | Create | Villager (Male) |
| 24:13 | Build | Outpost |
| 24:16 | Build | Outpost |
| 24:19 | Build | Outpost |
| 24:23 | Build | Outpost |
| 24:25 | Build | Outpost |
| 24:30 | Build | Outpost |
| 24:31 | Create | Villager (Male) |
| 24:31 | Create | Villager (Male) |
| 24:44 | Create | Villager (Male) |
| 24:53 | Research | Heavy Plow |
| 24:54 | Research | Heavy Plow |
| 24:56 | Create | Villager (Male) |
| 24:57 | Create | Villager (Male) |
| 24:59 | Build | Town Center |
| 25:04 | Create | Villager (Male) |
| 25:10 | Create | Villager (Male) |
| 25:12 | Create | Villager (Male) |
| 25:19 | Create | Villager (Male) |
| 25:24 | Build | Town Center |
Build order — Jannick
First 150 of 529 actions detected
| 0:31 | Build | Town Center |
| 1:15 | Build | House |
| 2:37 | Create | Villager (Male) |
| 2:38 | Create | Villager (Male) |
| 2:38 | Create | Villager (Male) |
| 2:38 | Create | Villager (Male) |
| 3:54 | Create | Villager (Male) |
| 4:23 | Create | Villager (Male) |
| 4:49 | Create | Villager (Male) |
| 5:06 | Create | Villager (Male) |
| 5:14 | Research | Loom |
| 5:20 | Build | House |
| 5:24 | Create | Villager (Male) |
| 5:34 | Create | Villager (Male) |
| 5:46 | Build | House |
| 5:50 | Create | Villager (Male) |
| 6:14 | Create | Villager (Male) |
| 6:59 | Build | Mill |
| 7:10 | Create | Villager (Male) |
| 7:31 | Create | Villager (Male) |
| 8:03 | Create | Villager (Male) |
| 8:21 | Build | Lumber Camp |
| 8:36 | Build | House |
| 8:40 | Create | Villager (Male) |
| 9:00 | Create | Villager (Male) |
| 9:33 | Create | Villager (Male) |
| 9:33 | Create | Villager (Male) |
| 9:54 | Build | Mill |
| 10:29 | Create | Villager (Male) |
| 10:30 | Create | Villager (Male) |
| 10:33 | Create | Villager (Male) |
| 11:12 | Build | Mining Camp |
| 11:57 | Create | Villager (Male) |
| 11:57 | Create | Villager (Male) |
| 12:10 | Research | Feudal Age |
| 12:17 | Build | Mill |
| 14:32 | Age | Feudal Age |
| 14:38 | Build | Market |
| 14:48 | Build | Blacksmith |
| 14:57 | Create | Villager (Male) |
| 14:58 | Create | Villager (Male) |
| 15:01 | Build | House |
| 15:39 | Build | House |
| 15:52 | Research | Castle Age |
| 16:12 | Build | Mining Camp |
| 16:23 | Build | Gate |
| 16:29 | Build | Stone Wall |
| 16:44 | Build | Stone Wall |
| 17:12 | Build | Farm |
| 17:15 | Research | Double-Bit Axe |
| 17:22 | Build | Gate |
| 18:21 | Research | Horse Collar |
| 18:30 | Build | House |
| 18:32 | Age | Castle Age |
| 18:44 | Build | Town Center |
| 18:53 | Create | Villager (Male) |
| 18:53 | Create | Villager (Male) |
| 19:07 | Create | Villager (Male) |
| 19:08 | Create | Villager (Male) |
| 19:36 | Build | Town Center |
| 19:38 | Create | Villager (Male) |
| 19:38 | Create | Villager (Male) |
| 19:57 | Build | Stone Wall |
| 20:07 | Build | House |
| 20:09 | Build | House |
| 20:10 | Create | Villager (Male) |
| 20:10 | Create | Villager (Male) |
| 20:18 | Build | Farm |
| 20:19 | Build | Farm |
| 20:21 | Build | Farm |
| 20:29 | Create | Villager (Male) |
| 20:29 | Create | Villager (Male) |
| 20:39 | Build | Farm |
| 21:00 | Create | Villager (Male) |
| 21:07 | Build | Farm |
| 21:08 | Build | Farm |
| 21:18 | Build | House |
| 21:21 | Create | Villager (Male) |
| 21:21 | Create | Villager (Male) |
| 21:27 | Build | House |
| 21:45 | Create | Villager (Male) |
| 21:46 | Create | Villager (Male) |
| 21:50 | Build | Farm |
| 21:51 | Build | Farm |
| 21:53 | Build | Farm |
| 21:54 | Create | Villager (Male) |
| 22:12 | Build | Gate |
| 22:16 | Build | Stone Wall |
| 22:21 | Build | Farm |
| 22:22 | Create | Villager (Male) |
| 22:22 | Create | Villager (Male) |
| 22:27 | Build | Farm |
| 22:30 | Build | Farm |
| 22:37 | Build | Farm |
| 22:45 | Create | Villager (Male) |
| 22:45 | Create | Villager (Male) |
| 22:47 | Create | Villager (Male) |
| 22:54 | Create | Villager (Male) |
| 22:54 | Create | Villager (Male) |
| 23:03 | Build | Farm |
| 23:07 | Build | Farm |
| 23:09 | Create | Villager (Male) |
| 23:12 | Build | Farm |
| 23:16 | Build | Farm |
| 23:17 | Create | Villager (Male) |
| 23:19 | Create | Villager (Male) |
| 23:20 | Create | Villager (Male) |
| 23:28 | Build | Farm |
| 23:36 | Build | Farm |
| 23:41 | Build | Farm |
| 23:46 | Create | Villager (Male) |
| 23:47 | Create | Villager (Male) |
| 23:50 | Create | Villager (Male) |
| 23:59 | Create | Villager (Male) |
| 24:20 | Build | House |
| 24:21 | Create | Villager (Male) |
| 24:21 | Create | Villager (Male) |
| 24:28 | Create | Villager (Male) |
| 24:29 | Create | Villager (Male) |
| 24:40 | Build | Lumber Camp |
| 24:47 | Create | Villager (Male) |
| 24:50 | Build | House |
| 24:51 | Build | House |
| 24:52 | Build | House |
| 24:55 | Create | Villager (Male) |
| 24:57 | Create | Villager (Male) |
| 25:00 | Create | Villager (Male) |
| 25:10 | Create | Villager (Male) |
| 25:17 | Build | Farm |
| 25:23 | Create | Villager (Male) |
| 25:29 | Build | Barracks |
| 25:32 | Create | Villager (Male) |
| 25:33 | Create | Villager (Male) |
| 25:46 | Build | Town Center |
| 25:49 | Build | Farm |
| 25:51 | Create | Villager (Male) |
| 25:55 | Create | Villager (Male) |
| 26:00 | Create | Villager (Male) |
| 26:00 | Create | Villager (Male) |
| 26:06 | Build | Farm |
| 26:21 | Build | House |
| 26:22 | Build | House |
| 26:24 | Build | House |
| 26:25 | Build | House |
| 26:32 | Build | Farm |
| 26:34 | Create | Villager (Male) |
| 26:39 | Build | Farm |
| 26:40 | Create | Villager (Male) |
| 26:40 | Create | Villager (Male) |
| 26:42 | Create | Villager (Male) |
Match timeline
| 9:39 | Noxx · wall_segment Palisade Wall x1 |
| 10:48 | Noxx · wall_segment Palisade Wall x1 |
| 11:27 | postavič · wall_segment Palisade Wall x4 |
| 11:31 | postavič · wall_segment Palisade Wall x10 |
| 11:53 | postavič · wall_segment Palisade Wall x12 |
| 12:36 | olikuba89 · wall_segment Palisade Wall x1 |
| 13:14 | Noxx · age_up feudal |
| 13:18 | Ovenka · age_up feudal |
| 13:28 | olikuba89 · age_up feudal |
| 13:37 | Antymon · age_up feudal |
| 14:05 | pren · first_building Barracks |
| 14:10 | TenSpatnej · age_up feudal |
| 14:12 | Ovenka · first_market_sell 100 stone |
| 14:17 | olikuba89 · first_market_sell 100 food |
| 14:32 | Jannick · age_up feudal |
| 14:50 | Antymon · first_market_buy 100 food |
| 14:51 | Antymon · first_market_sell 100 stone |
| 15:16 | Antymon · wall_segment Palisade Wall x1 |
| 15:35 | pren · age_up feudal |
| 15:49 | pren · first_building Archery Range |
| 16:07 | Ovenka · first_market_buy 100 stone |
| 16:29 | Jannick · wall_segment Stone Wall x4 |
| 16:33 | postavič · age_up feudal |
| 16:44 | Jannick · wall_segment Stone Wall x15 |
| 16:59 | olikuba89 · age_up castle |
| 17:08 | olikuba89 · first_market_buy 100 stone |
| 17:10 | Antymon · wall_segment Palisade Wall x2 |
| 17:17 | Ovenka · age_up castle |
| 17:32 | postavič · first_market_buy 100 food |
| 17:34 | Noxx · age_up castle |
| 17:38 | Ovenka · first_building Castle |
| 17:45 | Antymon · age_up castle |
| 17:56 | olikuba89 · first_building Castle |
| 18:03 | Antymon · first_building Castle |
| 18:28 | olikuba89 · wall_segment Palisade Wall x1 |
| 18:30 | olikuba89 · wall_segment Palisade Wall x1 |
| 18:32 | Jannick · age_up castle |
| 18:36 | olikuba89 · wall_segment Palisade Wall x1 |
| 18:42 | olikuba89 · wall_segment Palisade Wall x1 |
| 19:14 | pren · age_up castle |
| 19:18 | postavič · first_building Barracks |
| 19:24 | pren · first_building Monastery |
| 19:28 | pren · first_market_buy 100 stone |
| 19:57 | Jannick · wall_segment Stone Wall x2 |
| 20:05 | postavič · first_building Stable |
| 20:20 | postavič · age_up castle |
| 21:38 | pren · first_market_sell 100 wood |
| 21:41 | Antymon · first_building Siege Workshop |
| 22:16 | Jannick · wall_segment Stone Wall x1 |
| 22:35 | TenSpatnej · wall_segment Stone Wall x13 |
| 22:39 | TenSpatnej · wall_segment Stone Wall x13 |
| 22:43 | Jannick · first_market_buy 100 food |
| 22:44 | TenSpatnej · wall_segment Stone Wall x34 |
| 22:45 | Noxx · first_market_buy 100 wood |
| 24:33 | TenSpatnej · first_market_sell 500 wood |
| 24:37 | Ovenka · first_building Siege Workshop |
| 24:57 | pren · first_building Siege Workshop |
| 25:29 | Jannick · first_building Barracks |
| 26:22 | TenSpatnej · wall_segment Stone Wall x14 |
| 27:14 | Jannick · first_building Castle |
| 27:27 | TenSpatnej · wall_segment Stone Wall x3 |
| 27:50 | TenSpatnej · age_up castle |
| 28:20 | TenSpatnej · wall_segment Stone Wall x15 |
| 28:29 | TenSpatnej · first_building Siege Workshop |
| 28:34 | TenSpatnej · first_building Monastery |
| 29:08 | Noxx · first_building Castle |
| 29:27 | postavič · first_building Siege Workshop |
| 30:04 | TenSpatnej · wall_segment Stone Wall x1 |
| 30:08 | Noxx · first_building Barracks |
| 30:25 | pren · wall_segment Stone Wall x1 |
| 30:28 | pren · wall_segment Stone Wall x2 |
| 31:21 | Noxx · first_market_sell 100 stone |
| 31:53 | Noxx · first_building Siege Workshop |
| 32:01 | postavič · first_building Monastery |
| 32:17 | Jannick · first_building Stable |
| 32:29 | Jannick · first_market_sell 100 food |
| 32:47 | olikuba89 · first_building Siege Workshop |
| 33:08 | postavič · first_market_sell 100 food |
| 34:47 | Noxx · age_up imperial |
| 35:45 | Jannick · age_up imperial |
| 36:07 | olikuba89 · wall_segment Palisade Wall x1 |
| 36:10 | olikuba89 · wall_segment Palisade Wall x1 |
| 36:16 | TenSpatnej · wall_segment Stone Wall x12 |
| 36:40 | Noxx · wall_segment Stone Wall x1 |
| 36:49 | Noxx · wall_segment Stone Wall x1 |
| 37:58 | postavič · first_building Archery Range |
| 38:14 | pren · first_building Castle |
| 39:03 | pren · tribute_sent a jugador 1 |
| 39:03 | pren · tribute_sent a jugador 3 |
| 39:03 | pren · tribute_sent a jugador 4 |
| 39:03 | pren · tribute_sent a jugador 5 |
| 39:03 | pren · tribute_sent a jugador 6 |
| 39:03 | pren · tribute_sent a jugador 7 |
| 39:03 | pren · tribute_sent a jugador 8 |
| 40:16 | Antymon · first_building Barracks |
| 40:26 | pren · age_up imperial |
| 41:50 | Noxx · first_building Archery Range |
| 42:31 | Antymon · first_building Archery Range |
| 42:37 | Jannick · first_building Archery Range |
| 45:27 | TenSpatnej · first_market_buy 100 stone |
| 45:42 | TenSpatnej · first_building Castle |
| 46:12 | pren · tribute_sent a jugador 1 |
| 46:12 | pren · tribute_sent a jugador 3 |
| 46:12 | pren · tribute_sent a jugador 4 |
| 46:12 | pren · tribute_sent a jugador 5 |
| 46:12 | pren · tribute_sent a jugador 6 |
| 46:12 | pren · tribute_sent a jugador 7 |
| 46:12 | pren · tribute_sent a jugador 8 |
| 46:22 | Antymon · age_up imperial |
| 46:42 | Jannick · first_building Siege Workshop |
| 46:51 | pren · tribute_sent a jugador 1 |
| 46:51 | pren · tribute_sent a jugador 3 |
| 46:51 | pren · tribute_sent a jugador 4 |
| 46:51 | pren · tribute_sent a jugador 5 |
| 46:51 | pren · tribute_sent a jugador 6 |
| 46:51 | pren · tribute_sent a jugador 7 |
| 46:51 | pren · tribute_sent a jugador 8 |
| 46:55 | TenSpatnej · tribute_sent a jugador 1 |
| 46:55 | TenSpatnej · tribute_sent a jugador 2 |
| 46:55 | TenSpatnej · tribute_sent a jugador 3 |
| 46:55 | TenSpatnej · tribute_sent a jugador 4 |
| 46:55 | TenSpatnej · tribute_sent a jugador 6 |
| 46:55 | TenSpatnej · tribute_sent a jugador 7 |
| 46:55 | TenSpatnej · tribute_sent a jugador 8 |
| 50:00 | pren · tribute_sent a jugador 1 |
| 50:00 | pren · tribute_sent a jugador 3 |
| 50:00 | pren · tribute_sent a jugador 4 |
| 50:00 | pren · tribute_sent a jugador 5 |
| 50:00 | pren · tribute_sent a jugador 6 |
| 50:00 | pren · tribute_sent a jugador 7 |
| 50:00 | pren · tribute_sent a jugador 8 |
| 50:42 | Jannick · tribute_sent a jugador 1 |
| 50:42 | Jannick · tribute_sent a jugador 2 |
| 50:42 | Jannick · tribute_sent a jugador 3 |
| 50:42 | Jannick · tribute_sent a jugador 4 |
| 50:42 | Jannick · tribute_sent a jugador 5 |
| 50:42 | Jannick · tribute_sent a jugador 6 |
| 50:42 | Jannick · tribute_sent a jugador 8 |
| 51:04 | Ovenka · first_building Barracks |
| 51:51 | Ovenka · first_building Stable |
| 53:18 | postavič · age_up imperial |
| 53:20 | pren · tribute_sent a jugador 1 |
| 53:20 | pren · tribute_sent a jugador 3 |
| 53:20 | pren · tribute_sent a jugador 4 |
| 53:20 | pren · tribute_sent a jugador 5 |
| 53:20 | pren · tribute_sent a jugador 6 |
| 53:20 | pren · tribute_sent a jugador 7 |
| 53:20 | pren · tribute_sent a jugador 8 |
| 53:59 | postavič · first_building Castle |
| 54:56 | Ovenka · age_up imperial |
| 55:09 | Noxx · tribute_sent a jugador 1 |
| 55:09 | Noxx · tribute_sent a jugador 2 |
| 55:09 | Noxx · tribute_sent a jugador 3 |
| 55:09 | Noxx · tribute_sent a jugador 4 |
| 55:10 | Noxx · tribute_sent a jugador 5 |
| 55:10 | Noxx · tribute_sent a jugador 7 |
| 55:10 | Noxx · tribute_sent a jugador 8 |
| 56:51 | Noxx · first_building Stable |
| 56:59 | TenSpatnej · first_building Barracks |
| 58:24 | TenSpatnej · first_building Archery Range |
| 58:29 | TenSpatnej · first_building Stable |
| 58:34 | TenSpatnej · age_up imperial |
| 59:10 | Antymon · resign |
[ AI ANALYSIS · 1 CREDIT ]
What really happened in this match?
Wolo.gg analyzes every decision: build order, eco, micro, common mistakes by bracket. Personalized analysis on WhatsApp or Discord in 30 seconds.
Civ guide
Lithuanians
Perfil
olikuba89